[ PARTIDA AOE2 · #474727923 ]
UnrankedTurcos vs Spanish
[ ANÁLISIS DE REPETICIÓN · EXTRAÍDO DE LA PARTIDA GRABADA ]
Feudal
9:29
Castillos
21:30
Imperial
37:32
| APM promedio | 37.1 |
| APM pico | 69 |
| eAPM promedio | 20.1 |
| Aldeanos / militares | 139 / 193 |
Foco
⚔️ 38.3% · 🌾 61.7%
Scout Cavalry ×108 · Janissary ×38 · Camel Scout ×32 · Knight ×9 · Bombard Cannon ×5 · Militia ×1
Feudal
9:11
Castillos
21:18
Imperial
37:46
| APM promedio | 42.6 |
| APM pico | 84 |
| eAPM promedio | 20.5 |
| Aldeanos / militares | 115 / 107 |
Foco
⚔️ 30.0% · 🌾 70.0%
Knight ×95 · Scout Cavalry ×7 · Monk ×3 · Spearman ×2
Feudal
12:30
Castillos
16:03
Imperial
33:19
| APM promedio | 56.0 |
| APM pico | 97 |
| eAPM promedio | 31.7 |
| Aldeanos / militares | 187 / 261 |
Foco
⚔️ 45.3% · 🌾 54.7%
Skirmisher ×125 · Spearman ×111 · Conquistador ×21 · Trebuchet (Packed) ×4
Feudal
10:03
Castillos
16:32
Imperial
38:00
| APM promedio | 27.7 |
| APM pico | 60 |
| eAPM promedio | 18.0 |
| Aldeanos / militares | 155 / 122 |
Foco
⚔️ 30.9% · 🌾 69.1%
Knight ×110 · Monk ×10 · Spearman ×2
Feudal
11:35
Castillos
15:19
Imperial
37:19
| APM promedio | 55.6 |
| APM pico | 109 |
| eAPM promedio | 22.8 |
| Aldeanos / militares | 147 / 105 |
Foco
⚔️ 35.7% · 🌾 64.3%
Cavalry Archer ×88 · Knight ×13 · Trebuchet (Packed) ×3 · Skirmisher ×1
Feudal
9:32
Castillos
13:14
Imperial
38:15
| APM promedio | 56.9 |
| APM pico | 101 |
| eAPM promedio | 27.4 |
| Aldeanos / militares | 146 / 92 |
Foco
⚔️ 36.7% · 🌾 63.3%
Mangudai ×71 · Scout Cavalry ×13 · Spearman ×7 · Militia ×1
Feudal
12:10
Castillos
16:13
Imperial
35:59
| APM promedio | 59.2 |
| APM pico | 108 |
| eAPM promedio | 22.4 |
| Aldeanos / militares | 103 / 105 |
Foco
⚔️ 43.6% · 🌾 56.4%
Cavalry Archer ×95 · Spearman ×6 · Mangonel ×2 · Monk ×1 · Skirmisher ×1
Feudal
11:50
Castillos
16:00
Imperial
—
| APM promedio | 30.0 |
| APM pico | 112 |
| eAPM promedio | 21.2 |
| Aldeanos / militares | 147 / 6 |
Foco
⚔️ 9.6% · 🌾 90.4%
Tarkan ×3 · Scorpion ×3
Mapa de la partida
Recursos iniciales + cada clic de construcción. Líneas = muros · curvas = relieve. ◆ oro · ⬟ piedra · ● bayas · ✦ reliquia · ◌ hueco del cierre
Tu base· Abierta — hueco de 11t
Base de El Venenudo· Abierta — flanco sin cerrar
Base de 省港澳金牌讲师· Abierta — hueco de 7t
Base de sss129458· Abierta — hueco de 8t
Base de Sun· Abierta — flanco sin cerrar
Base de 吉吉大王· Abierta — hueco de 13t
Base de IRON MIKE· Abierta — hueco de 6t
Base de Zhang· Abierta — hueco de 8t
Terreno inicial suavizado · ◌ = hueco del cierre detectado · pasá el cursor para detalles
Inputs por minuto
— UrielFlocru - - El Venenudo
Build order — UrielFlocru
Primeras 150 de 431 acciones detectadas
| 0:03 | Construir | Town Center |
| 1:04 | Crear | Villager (Male) |
| 1:05 | Crear | Villager (Male) |
| 1:05 | Crear | Villager (Male) |
| 1:05 | Crear | Villager (Male) |
| 1:54 | Crear | Villager (Male) |
| 1:57 | Construir | Lumber Camp |
| 2:40 | Crear | Villager (Male) |
| 2:40 | Crear | Villager (Male) |
| 2:44 | Crear | Villager (Male) |
| 2:44 | Crear | Villager (Male) |
| 3:16 | Crear | Villager (Male) |
| 3:46 | Construir | Mill |
| 3:52 | Crear | Villager (Male) |
| 3:52 | Crear | Villager (Male) |
| 4:17 | Crear | Villager (Male) |
| 4:41 | Crear | Villager (Male) |
| 4:41 | Crear | Villager (Male) |
| 5:00 | Crear | Villager (Male) |
| 5:00 | Crear | Villager (Male) |
| 5:19 | Crear | Villager (Male) |
| 5:20 | Crear | Villager (Male) |
| 5:21 | Crear | Villager (Male) |
| 5:37 | Crear | Villager (Male) |
| 6:15 | Investigar | Loom |
| 6:29 | Construir | House |
| 6:57 | Investigar | Feudal Age |
| 7:09 | Construir | Barracks |
| 8:01 | Construir | House |
| 8:46 | Crear | Villager (Male) |
| 8:53 | Crear | Villager (Male) |
| 9:29 | Edad | Edad Feudal |
| 9:31 | Construir | Stable |
| 9:35 | Crear | Villager (Male) |
| 9:41 | Investigar | Double-Bit Axe |
| 9:46 | Investigar | Horse Collar |
| 10:15 | Crear | Militia |
| 10:15 | Crear | Scout Cavalry |
| 10:16 | Crear | Scout Cavalry |
| 10:21 | Construir | Blacksmith |
| 10:32 | Crear | Villager (Male) |
| 10:35 | Construir | Mill |
| 10:42 | Crear | Scout Cavalry |
| 11:00 | Crear | Scout Cavalry |
| 11:19 | Investigar | Scale Barding Armor |
| 11:26 | Crear | Villager (Male) |
| 11:26 | Crear | Villager (Male) |
| 11:50 | Crear | Villager (Male) |
| 12:06 | Crear | Scout Cavalry |
| 12:06 | Crear | Scout Cavalry |
| 12:07 | Crear | Scout Cavalry |
| 12:17 | Construir | House |
| 12:20 | Construir | House |
| 12:30 | Crear | Scout Cavalry |
| 13:00 | Crear | Villager (Male) |
| 13:00 | Crear | Villager (Male) |
| 13:31 | Crear | Villager (Male) |
| 14:00 | Crear | Villager (Male) |
| 14:15 | Crear | Villager (Male) |
| 14:22 | Construir | Farm |
| 14:22 | Construir | Farm |
| 14:22 | Construir | Farm |
| 14:23 | Construir | Farm |
| 14:23 | Construir | Farm |
| 14:23 | Construir | Farm |
| 14:24 | Construir | Farm |
| 14:36 | Construir | Farm |
| 14:36 | Construir | Farm |
| 14:41 | Construir | Farm |
| 14:41 | Construir | Farm |
| 15:29 | Crear | Villager (Male) |
| 15:30 | Crear | Villager (Male) |
| 15:40 | Crear | Scout Cavalry |
| 15:41 | Crear | Scout Cavalry |
| 15:55 | Crear | Villager (Male) |
| 15:58 | Crear | Villager (Male) |
| 16:01 | Construir | Farm |
| 16:01 | Construir | Farm |
| 16:13 | Crear | Scout Cavalry |
| 16:17 | Crear | Villager (Male) |
| 16:30 | Construir | Market |
| 16:37 | Construir | House |
| 16:40 | Construir | House |
| 16:41 | Construir | House |
| 16:54 | Construir | Mining Camp |
| 17:03 | Construir | Farm |
| 17:05 | Construir | Farm |
| 17:27 | Crear | Villager (Male) |
| 17:31 | Construir | Farm |
| 17:31 | Construir | Farm |
| 18:10 | Construir | Farm |
| 18:11 | Crear | Villager (Male) |
| 18:20 | Construir | House |
| 18:21 | Construir | House |
| 18:42 | Investigar | Castle Age |
| 18:47 | Crear | Scout Cavalry |
| 18:54 | Construir | Mining Camp |
| 19:15 | Crear | Scout Cavalry |
| 19:19 | Investigar | Forging |
| 19:39 | Construir | Stable |
| 19:45 | Crear | Scout Cavalry |
| 19:49 | Crear | Scout Cavalry |
| 20:22 | Crear | Scout Cavalry |
| 20:23 | Crear | Scout Cavalry |
| 20:54 | Crear | Villager (Male) |
| 21:07 | Crear | Villager (Male) |
| 21:22 | Investigar | Bloodlines |
| 21:22 | Investigar | Bloodlines |
| 21:30 | Edad | Edad de los Castillos |
| 21:33 | Crear | Villager (Male) |
| 21:40 | Construir | Town Center |
| 21:45 | Crear | Villager (Male) |
| 22:04 | Construir | Farm |
| 22:10 | Crear | Villager (Male) |
| 22:27 | Crear | Villager (Male) |
| 22:27 | Crear | Villager (Male) |
| 22:31 | Crear | Camel Scout |
| 22:31 | Crear | Camel Scout |
| 22:32 | Crear | Camel Scout |
| 22:55 | Investigar | Husbandry |
| 22:59 | Crear | Villager (Male) |
| 22:59 | Crear | Villager (Male) |
| 23:41 | Construir | Farm |
| 23:43 | Crear | Villager (Male) |
| 23:43 | Crear | Villager (Male) |
| 23:45 | Crear | Villager (Male) |
| 23:48 | Crear | Scout Cavalry |
| 23:49 | Crear | Camel Scout |
| 23:49 | Crear | Scout Cavalry |
| 23:49 | Crear | Camel Scout |
| 23:56 | Crear | Villager (Male) |
| 23:58 | Construir | Farm |
| 24:05 | Crear | Villager (Male) |
| 24:10 | Construir | Town Center |
| 24:24 | Construir | Farm |
| 24:27 | Crear | Villager (Male) |
| 24:27 | Crear | Villager (Male) |
| 24:36 | Crear | Villager (Male) |
| 24:41 | Construir | Farm |
| 24:42 | Construir | Farm |
| 24:45 | Construir | Farm |
| 24:46 | Crear | Villager (Male) |
| 24:53 | Crear | Scout Cavalry |
| 24:53 | Crear | Camel Scout |
| 24:54 | Crear | Camel Scout |
| 24:54 | Crear | Scout Cavalry |
| 24:59 | Crear | Camel Scout |
| 25:06 | Construir | Farm |
| 25:08 | Crear | Villager (Male) |
| 25:15 | Crear | Villager (Male) |
Build order — El Venenudo
Primeras 150 de 389 acciones detectadas
| 0:05 | Construir | Town Center |
| 1:11 | Crear | Villager (Male) |
| 1:12 | Crear | Villager (Male) |
| 1:12 | Crear | Villager (Male) |
| 1:26 | Crear | Villager (Male) |
| 1:26 | Crear | Villager (Male) |
| 2:06 | Crear | Villager (Male) |
| 2:06 | Crear | Villager (Male) |
| 2:10 | Construir | Lumber Camp |
| 2:38 | Crear | Villager (Male) |
| 2:39 | Crear | Villager (Male) |
| 2:52 | Crear | Villager (Male) |
| 3:52 | Construir | House |
| 3:58 | Crear | Villager (Male) |
| 4:06 | Crear | Villager (Male) |
| 4:30 | Construir | Mill |
| 4:41 | Crear | Villager (Male) |
| 4:41 | Crear | Villager (Male) |
| 4:46 | Construir | House |
| 5:00 | Crear | Villager (Male) |
| 5:11 | Crear | Villager (Male) |
| 5:25 | Crear | Villager (Male) |
| 6:07 | Investigar | Loom |
| 7:01 | Investigar | Feudal Age |
| 7:39 | Construir | Barracks |
| 7:50 | Construir | Palisade Wall |
| 8:29 | Construir | Palisade Wall |
| 8:37 | Construir | Palisade Wall |
| 9:08 | Construir | House |
| 9:11 | Edad | Edad Feudal |
| 9:16 | Construir | Stable |
| 9:26 | Crear | Villager (Male) |
| 9:28 | Investigar | Double-Bit Axe |
| 9:58 | Crear | Scout Cavalry |
| 9:59 | Crear | Scout Cavalry |
| 10:12 | Construir | Mill |
| 10:13 | Crear | Villager (Male) |
| 10:20 | Crear | Scout Cavalry |
| 10:38 | Crear | Scout Cavalry |
| 10:53 | Crear | Villager (Male) |
| 11:01 | Construir | House |
| 11:03 | Crear | Villager (Male) |
| 11:26 | Construir | Blacksmith |
| 11:29 | Crear | Villager (Male) |
| 11:48 | Crear | Scout Cavalry |
| 11:55 | Crear | Villager (Male) |
| 11:56 | Construir | Farm |
| 11:58 | Construir | Farm |
| 11:58 | Crear | Villager (Male) |
| 12:02 | Construir | House |
| 12:28 | Investigar | Scale Barding Armor |
| 12:29 | Crear | Villager (Male) |
| 12:31 | Construir | Farm |
| 12:32 | Construir | Farm |
| 13:12 | Crear | Villager (Male) |
| 13:14 | Construir | Farm |
| 13:14 | Construir | Farm |
| 13:15 | Crear | Villager (Male) |
| 13:38 | Crear | Villager (Male) |
| 13:39 | Construir | Farm |
| 13:46 | Construir | Palisade Wall |
| 14:09 | Crear | Villager (Male) |
| 14:11 | Construir | Farm |
| 14:12 | Construir | Farm |
| 14:13 | Crear | Villager (Male) |
| 14:23 | Construir | Farm |
| 14:45 | Construir | House |
| 15:03 | Crear | Spearman |
| 15:04 | Crear | Spearman |
| 15:52 | Crear | Villager (Male) |
| 15:53 | Construir | Farm |
| 15:54 | Construir | Farm |
| 15:55 | Crear | Villager (Male) |
| 16:06 | Construir | Palisade Wall |
| 16:13 | Crear | Villager (Male) |
| 16:15 | Construir | Farm |
| 16:18 | Construir | Farm |
| 16:20 | Crear | Villager (Male) |
| 16:22 | Construir | Farm |
| 16:35 | Construir | Palisade Wall |
| 17:24 | Crear | Villager (Male) |
| 17:33 | Construir | Mining Camp |
| 17:35 | Construir | Farm |
| 17:36 | Construir | Farm |
| 17:36 | Construir | Farm |
| 17:42 | Construir | House |
| 17:54 | Construir | Market |
| 18:09 | Investigar | Horse Collar |
| 18:16 | Construir | Palisade Wall |
| 18:19 | Construir | Palisade Wall |
| 18:27 | Crear | Villager (Male) |
| 18:37 | Investigar | Castle Age |
| 19:22 | Investigar | Gold Mining |
| 19:43 | Construir | Stable |
| 19:56 | Construir | House |
| 20:48 | Investigar | Bloodlines |
| 20:49 | Investigar | Bloodlines |
| 21:18 | Edad | Edad de los Castillos |
| 21:22 | Crear | Knight |
| 21:23 | Crear | Knight |
| 21:35 | Construir | Town Center |
| 21:37 | Crear | Knight |
| 21:38 | Crear | Knight |
| 21:44 | Construir | Farm |
| 21:45 | Crear | Villager (Male) |
| 21:49 | Construir | Farm |
| 21:50 | Crear | Villager (Male) |
| 22:00 | Construir | Palisade Wall |
| 22:12 | Construir | Palisade Gate |
| 22:48 | Crear | Villager (Male) |
| 22:50 | Crear | Villager (Male) |
| 22:52 | Construir | Farm |
| 22:53 | Crear | Villager (Male) |
| 22:57 | Construir | House |
| 22:58 | Crear | Villager (Male) |
| 23:00 | Construir | Farm |
| 23:01 | Crear | Villager (Male) |
| 23:04 | Crear | Knight |
| 23:04 | Crear | Knight |
| 23:08 | Investigar | Chain Barding Armor |
| 23:08 | Investigar | Chain Barding Armor |
| 23:28 | Crear | Knight |
| 23:34 | Construir | House |
| 23:35 | Construir | House |
| 23:54 | Construir | Farm |
| 23:55 | Construir | Farm |
| 23:57 | Construir | Farm |
| 23:58 | Crear | Villager (Male) |
| 24:01 | Investigar | Wheelbarrow |
| 24:19 | Crear | Knight |
| 24:19 | Crear | Knight |
| 24:39 | Crear | Villager (Male) |
| 24:40 | Crear | Villager (Male) |
| 24:42 | Construir | Farm |
| 24:43 | Construir | Farm |
| 24:44 | Crear | Villager (Male) |
| 24:48 | Crear | Knight |
| 24:56 | Construir | House |
| 24:57 | Construir | House |
| 25:04 | Crear | Villager (Male) |
| 25:09 | Crear | Villager (Male) |
| 25:11 | Crear | Villager (Male) |
| 25:14 | Construir | Farm |
| 25:15 | Construir | Farm |
| 25:16 | Construir | Mill |
| 25:19 | Crear | Knight |
| 25:20 | Crear | Knight |
| 25:30 | Crear | Knight |
| 25:42 | Crear | Knight |
| 25:43 | Crear | Knight |
Build order — 省港澳金牌讲师
Primeras 150 de 490 acciones detectadas
| 0:08 | Construir | Town Center |
| 1:09 | Crear | Villager (Male) ×4 |
| 1:09 | Crear | Villager (Male) ×4 |
| 1:44 | Construir | Lumber Camp |
| 1:56 | Crear | Villager (Male) |
| 2:37 | Crear | Villager (Male) |
| 3:02 | Crear | Villager (Male) |
| 3:02 | Crear | Villager (Male) |
| 3:24 | Crear | Villager (Male) |
| 3:40 | Crear | Villager (Male) |
| 4:41 | Crear | Villager (Male) |
| 4:58 | Crear | Villager (Male) |
| 5:17 | Crear | Villager (Male) |
| 5:49 | Crear | Villager (Male) |
| 5:59 | Construir | House |
| 6:02 | Construir | Mill |
| 6:09 | Crear | Villager (Male) |
| 6:20 | Crear | Villager (Male) |
| 6:23 | Construir | Palisade Wall |
| 6:28 | Construir | Palisade Wall |
| 6:31 | Crear | Villager (Male) |
| 6:35 | Construir | House |
| 6:41 | Construir | House |
| 6:53 | Construir | Palisade Wall |
| 6:56 | Construir | Palisade Wall |
| 7:03 | Crear | Villager (Male) |
| 7:38 | Crear | Villager (Male) |
| 8:01 | Construir | Palisade Wall |
| 8:05 | Crear | Villager (Male) |
| 8:08 | Crear | Villager (Male) |
| 8:14 | Crear | Villager (Male) |
| 8:21 | Construir | Palisade Wall |
| 8:27 | Construir | Mining Camp |
| 8:54 | Construir | Palisade Wall |
| 8:56 | Construir | Palisade Wall |
| 9:08 | Construir | Farm |
| 9:12 | Construir | Farm |
| 9:27 | Crear | Villager (Male) |
| 9:35 | Construir | Mining Camp |
| 9:55 | Crear | Villager (Male) |
| 9:59 | Construir | Palisade Wall |
| 10:13 | Investigar | Feudal Age |
| 10:13 | Investigar | Feudal Age |
| 10:18 | Construir | Palisade Gate |
| 10:21 | Construir | Palisade Wall |
| 10:22 | Construir | Palisade Wall |
| 10:39 | Crear | Villager (Male) |
| 10:39 | Crear | Villager (Male) |
| 10:51 | Construir | Farm |
| 10:55 | Construir | Farm |
| 10:59 | Construir | Farm |
| 11:42 | Construir | House |
| 12:10 | Construir | House |
| 12:13 | Construir | Palisade Wall |
| 12:15 | Construir | Palisade Wall |
| 12:30 | Edad | Edad Feudal |
| 12:33 | Construir | Market |
| 12:42 | Construir | Blacksmith |
| 13:23 | Investigar | Castle Age |
| 13:24 | Investigar | Castle Age |
| 13:41 | Investigar | Horse Collar |
| 13:43 | Investigar | Loom |
| 13:51 | Construir | Farm |
| 14:12 | Investigar | Double-Bit Axe |
| 14:28 | Construir | Palisade Wall |
| 15:09 | Crear | Villager (Male) |
| 16:03 | Edad | Edad de los Castillos |
| 16:04 | Construir | Castle |
| 16:07 | Investigar | Bow Saw |
| 16:09 | Investigar | Heavy Plow |
| 16:22 | Crear | Villager (Male) |
| 16:42 | Construir | Town Center |
| 16:50 | Construir | House |
| 16:53 | Crear | Villager (Male) |
| 17:04 | Crear | Conquistador |
| 17:09 | Construir | Farm |
| 17:11 | Construir | Farm |
| 17:14 | Construir | Farm |
| 17:22 | Construir | House |
| 17:24 | Construir | Palisade Wall |
| 17:25 | Construir | Palisade Wall |
| 17:33 | Crear | Conquistador |
| 17:34 | Crear | Villager (Male) |
| 17:45 | Crear | Villager (Male) |
| 17:48 | Crear | Conquistador |
| 18:12 | Crear | Villager (Male) |
| 18:33 | Construir | Palisade Wall |
| 18:36 | Crear | Conquistador |
| 18:38 | Crear | Villager (Male) |
| 18:44 | Crear | Villager (Male) ×2 |
| 18:45 | Crear | Villager (Male) ×2 |
| 18:47 | Construir | Farm |
| 18:48 | Construir | Farm |
| 18:53 | Crear | Villager (Male) |
| 19:05 | Crear | Conquistador |
| 19:09 | Construir | Farm |
| 19:10 | Construir | Farm |
| 19:11 | Construir | Farm |
| 19:13 | Construir | Farm |
| 19:14 | Construir | Farm |
| 19:15 | Construir | Farm |
| 19:17 | Construir | Farm |
| 19:21 | Crear | Villager (Male) |
| 19:23 | Construir | Palisade Wall |
| 19:43 | Crear | Villager (Male) |
| 19:44 | Crear | Villager (Male) |
| 19:53 | Crear | Villager (Male) |
| 20:02 | Construir | Barracks |
| 20:08 | Crear | Conquistador |
| 20:15 | Crear | Villager (Male) |
| 20:15 | Crear | Villager (Male) |
| 20:16 | Crear | Villager (Male) |
| 20:17 | Construir | Farm |
| 20:28 | Crear | Villager (Male) |
| 20:28 | Crear | Villager (Male) |
| 20:31 | Construir | Farm |
| 20:32 | Construir | Farm |
| 20:45 | Construir | House |
| 20:47 | Construir | Stone Wall |
| 20:51 | Crear | Conquistador |
| 20:54 | Crear | Villager (Male) |
| 20:54 | Crear | Villager (Male) |
| 20:56 | Construir | Farm |
| 20:57 | Construir | Farm |
| 20:58 | Crear | Villager (Male) |
| 20:59 | Crear | Villager (Male) |
| 21:12 | Crear | Villager (Male) |
| 21:15 | Construir | Stable |
| 21:21 | Crear | Villager (Male) |
| 21:21 | Crear | Villager (Male) |
| 21:21 | Crear | Villager (Male) |
| 21:37 | Crear | Conquistador |
| 21:38 | Crear | Villager (Male) |
| 21:39 | Crear | Villager (Male) |
| 21:54 | Crear | Conquistador |
| 21:59 | Crear | Villager (Male) |
| 22:01 | Construir | House |
| 22:05 | Construir | Farm |
| 22:13 | Crear | Villager (Male) |
| 22:13 | Crear | Villager (Male) |
| 22:14 | Crear | Villager (Male) |
| 22:32 | Construir | Farm |
| 22:39 | Crear | Conquistador |
| 22:48 | Investigar | Husbandry |
| 22:51 | Crear | Villager (Male) |
| 22:51 | Crear | Villager (Male) |
| 22:51 | Crear | Villager (Male) |
| 23:09 | Crear | Conquistador |
| 23:23 | Crear | Villager (Male) |
| 23:24 | Crear | Villager (Male) |
Build order — sss129458
Primeras 150 de 399 acciones detectadas
| 0:05 | Construir | Town Center |
| 1:10 | Crear | Villager (Male) |
| 1:10 | Crear | Villager (Male) |
| 1:11 | Crear | Villager (Male) |
| 1:22 | Crear | Villager (Male) |
| 1:48 | Crear | Villager (Male) |
| 1:58 | Construir | Lumber Camp |
| 2:30 | Crear | Villager (Male) |
| 2:57 | Crear | Villager (Male) |
| 3:29 | Crear | Villager (Male) |
| 4:24 | Crear | Villager (Male) |
| 4:25 | Crear | Villager (Male) |
| 4:25 | Crear | Villager (Male) |
| 4:26 | Crear | Villager (Male) |
| 5:06 | Construir | Mill |
| 5:39 | Construir | House |
| 5:50 | Crear | Villager (Male) |
| 5:50 | Crear | Villager (Male) |
| 5:51 | Investigar | Loom |
| 6:47 | Construir | Farm |
| 7:05 | Construir | Barracks |
| 7:07 | Crear | Villager (Male) |
| 7:28 | Construir | House |
| 7:51 | Crear | Villager (Male) |
| 7:53 | Investigar | Feudal Age |
| 7:53 | Investigar | Feudal Age |
| 8:32 | Construir | House |
| 8:34 | Construir | Palisade Wall |
| 8:39 | Construir | House |
| 8:46 | Construir | Farm |
| 8:56 | Construir | Farm |
| 9:25 | Construir | Palisade Wall |
| 9:33 | Construir | Palisade Wall |
| 10:03 | Edad | Edad Feudal |
| 10:05 | Crear | Villager (Male) |
| 10:05 | Crear | Villager (Male) |
| 10:06 | Investigar | Double-Bit Axe |
| 10:32 | Construir | Stable |
| 10:54 | Crear | Villager (Male) |
| 10:57 | Construir | House |
| 11:05 | Crear | Villager (Male) |
| 11:15 | Construir | Mining Camp |
| 11:29 | Construir | Gate |
| 11:34 | Construir | Palisade Gate |
| 11:38 | Construir | Palisade Wall |
| 11:41 | Crear | Villager (Male) |
| 12:04 | Crear | Villager (Male) |
| 12:37 | Crear | Villager (Male) |
| 12:39 | Construir | Blacksmith |
| 12:55 | Crear | Villager (Male) |
| 13:16 | Crear | Spearman |
| 13:18 | Crear | Villager (Male) |
| 13:43 | Investigar | Castle Age |
| 13:44 | Investigar | Castle Age |
| 14:10 | Construir | Stable |
| 14:38 | Crear | Villager (Male) |
| 14:52 | Crear | Villager (Male) |
| 15:03 | Construir | Farm |
| 15:09 | Construir | Farm |
| 15:22 | Crear | Villager (Male) |
| 15:39 | Construir | Farm |
| 16:10 | Crear | Villager (Male) |
| 16:12 | Crear | Spearman |
| 16:32 | Edad | Edad de los Castillos |
| 16:44 | Crear | Knight |
| 16:45 | Crear | Knight |
| 17:00 | Crear | Villager (Male) |
| 17:16 | Crear | Villager (Male) |
| 17:29 | Crear | Villager (Male) |
| 17:46 | Crear | Knight |
| 18:06 | Construir | Town Center |
| 18:11 | Crear | Knight |
| 18:23 | Crear | Villager (Male) |
| 18:49 | Crear | Villager (Male) |
| 19:09 | Crear | Villager (Male) |
| 19:30 | Crear | Villager (Male) |
| 19:36 | Investigar | Bow Saw |
| 19:42 | Construir | Farm |
| 19:43 | Crear | Villager (Male) |
| 19:44 | Crear | Villager (Male) |
| 20:01 | Crear | Villager (Male) |
| 20:03 | Construir | Farm |
| 20:06 | Construir | Farm |
| 20:16 | Construir | Farm |
| 20:18 | Crear | Villager (Male) |
| 20:18 | Crear | Villager (Male) |
| 20:24 | Crear | Villager (Male) |
| 20:36 | Construir | Farm |
| 20:40 | Construir | Farm |
| 20:41 | Crear | Villager (Male) |
| 20:50 | Construir | Farm |
| 21:00 | Construir | Farm |
| 21:05 | Construir | Farm |
| 21:08 | Crear | Villager (Male) |
| 21:13 | Construir | Farm |
| 21:19 | Construir | Farm |
| 21:30 | Crear | Villager (Male) |
| 21:38 | Construir | Farm |
| 21:44 | Construir | Farm |
| 21:47 | Crear | Villager (Male) |
| 21:53 | Crear | Villager (Male) |
| 22:04 | Construir | House |
| 22:05 | Construir | House |
| 22:20 | Crear | Villager (Male) |
| 22:27 | Construir | Town Center |
| 22:28 | Crear | Villager (Male) |
| 22:29 | Crear | Villager (Male) |
| 22:41 | Construir | Farm |
| 22:47 | Crear | Villager (Male) |
| 22:50 | Crear | Knight |
| 22:51 | Crear | Knight |
| 22:54 | Construir | Farm |
| 23:10 | Crear | Villager (Male) |
| 23:14 | Crear | Villager (Male) |
| 23:19 | Construir | Farm |
| 23:22 | Construir | Farm |
| 23:23 | Crear | Villager (Male) |
| 23:35 | Investigar | Bow Saw |
| 23:41 | Construir | Farm |
| 24:00 | Construir | Monastery |
| 24:05 | Crear | Knight |
| 24:05 | Crear | Knight |
| 24:13 | Construir | Farm |
| 24:18 | Construir | Monastery |
| 24:22 | Crear | Villager (Male) |
| 24:36 | Crear | Villager (Male) |
| 24:37 | Crear | Villager (Male) |
| 24:37 | Crear | Villager (Male) |
| 24:37 | Crear | Villager (Male) |
| 24:46 | Crear | Villager (Male) |
| 24:54 | Crear | Knight |
| 24:54 | Crear | Knight |
| 25:00 | Construir | Farm |
| 25:07 | Construir | House |
| 25:09 | Construir | House |
| 25:10 | Crear | Monk |
| 25:11 | Crear | Monk |
| 25:21 | Construir | Farm |
| 25:22 | Crear | Villager (Male) |
| 25:22 | Crear | Villager (Male) |
| 25:22 | Crear | Villager (Male) |
| 25:29 | Crear | Villager (Male) |
| 25:29 | Crear | Villager (Male) |
| 25:33 | Construir | House |
| 25:35 | Construir | House |
| 25:43 | Construir | Town Center |
| 25:50 | Crear | Villager (Male) |
| 25:51 | Crear | Villager (Male) |
| 26:12 | Crear | Villager (Male) |
| 26:12 | Crear | Villager (Male) |
Build order — Sun
Primeras 150 de 419 acciones detectadas
| 0:22 | Construir | Town Center |
| 1:30 | Crear | Villager (Male) |
| 1:30 | Crear | Villager (Male) |
| 1:31 | Crear | Villager (Male) |
| 1:31 | Crear | Villager (Male) |
| 2:02 | Crear | Villager (Male) |
| 2:21 | Crear | Villager (Male) |
| 2:21 | Crear | Villager (Male) |
| 2:42 | Crear | Villager (Male) |
| 3:16 | Crear | Villager (Male) |
| 3:17 | Crear | Villager (Male) |
| 3:52 | Crear | Villager (Male) |
| 3:52 | Crear | Villager (Male) |
| 4:39 | Crear | Villager (Male) |
| 4:39 | Crear | Villager (Male) |
| 4:42 | Crear | Villager (Male) |
| 5:05 | Crear | Villager (Male) |
| 5:12 | Construir | Mill |
| 5:19 | Crear | Villager (Male) |
| 5:19 | Crear | Villager (Male) |
| 5:46 | Construir | Mill |
| 5:56 | Crear | Villager (Male) |
| 6:55 | Crear | Villager (Male) |
| 7:17 | Crear | Villager (Male) |
| 7:30 | Construir | Lumber Camp |
| 7:46 | Crear | Villager (Male) |
| 7:57 | Crear | Villager (Male) |
| 9:00 | Investigar | Feudal Age |
| 9:00 | Investigar | Feudal Age |
| 9:14 | Construir | Mining Camp |
| 11:35 | Edad | Edad Feudal |
| 11:37 | Construir | Market |
| 11:48 | Crear | Villager (Male) |
| 12:01 | Investigar | Loom |
| 12:03 | Construir | Blacksmith |
| 12:15 | Crear | Villager (Male) |
| 12:36 | Investigar | Castle Age |
| 12:36 | Investigar | Castle Age |
| 13:03 | Construir | Barracks |
| 13:34 | Investigar | Double-Bit Axe |
| 13:34 | Investigar | Double-Bit Axe |
| 14:42 | Construir | Archery Range |
| 14:47 | Crear | Villager (Male) |
| 14:51 | Investigar | Fletching |
| 15:19 | Edad | Edad de los Castillos |
| 15:32 | Construir | Archery Range |
| 15:36 | Crear | Villager (Male) |
| 15:41 | Construir | Farm |
| 15:56 | Crear | Cavalry Archer |
| 16:03 | Construir | Farm |
| 16:05 | Crear | Villager (Male) |
| 16:20 | Crear | Cavalry Archer |
| 16:24 | Crear | Villager (Male) |
| 16:41 | Crear | Villager (Male) |
| 16:45 | Construir | Gate |
| 16:54 | Crear | Cavalry Archer |
| 16:55 | Crear | Cavalry Archer |
| 16:58 | Crear | Villager (Male) |
| 17:02 | Construir | University |
| 17:09 | Investigar | Bodkin Arrow |
| 17:14 | Construir | Farm |
| 17:26 | Crear | Cavalry Archer |
| 17:28 | Crear | Cavalry Archer |
| 17:29 | Crear | Villager (Male) |
| 17:48 | Crear | Cavalry Archer |
| 17:55 | Construir | Farm |
| 18:01 | Construir | Town Center |
| 18:18 | Crear | Cavalry Archer |
| 18:19 | Crear | Villager (Male) |
| 18:36 | Construir | Stone Wall |
| 18:42 | Crear | Villager (Male) |
| 18:49 | Construir | Farm |
| 18:49 | Construir | Farm |
| 18:59 | Crear | Villager (Male) |
| 19:05 | Crear | Cavalry Archer |
| 19:05 | Crear | Cavalry Archer |
| 19:15 | Construir | Farm |
| 19:31 | Crear | Villager (Male) |
| 19:45 | Investigar | Ballistics |
| 19:45 | Investigar | Ballistics |
| 20:03 | Crear | Cavalry Archer |
| 20:14 | Crear | Villager (Male) |
| 20:29 | Crear | Cavalry Archer |
| 20:29 | Crear | Cavalry Archer |
| 20:31 | Crear | Villager (Male) |
| 20:34 | Crear | Villager (Male) |
| 20:37 | Construir | Stable |
| 20:44 | Crear | Cavalry Archer |
| 20:44 | Crear | Cavalry Archer |
| 20:53 | Construir | Farm |
| 21:05 | Crear | Villager (Male) |
| 21:14 | Crear | Cavalry Archer |
| 21:15 | Crear | Cavalry Archer |
| 21:15 | Crear | Cavalry Archer |
| 21:21 | Construir | Farm |
| 21:37 | Crear | Villager (Male) |
| 21:55 | Crear | Villager (Male) |
| 22:07 | Construir | Farm |
| 22:08 | Construir | Farm |
| 22:12 | Crear | Villager (Male) |
| 22:15 | Construir | Lumber Camp |
| 22:17 | Construir | Farm |
| 22:18 | Construir | Farm |
| 22:24 | Crear | Villager (Male) |
| 22:30 | Crear | Villager (Male) |
| 22:37 | Crear | Cavalry Archer |
| 22:37 | Crear | Cavalry Archer |
| 22:42 | Crear | Villager (Male) |
| 22:46 | Construir | Farm |
| 22:57 | Crear | Cavalry Archer |
| 22:57 | Crear | Cavalry Archer |
| 23:12 | Crear | Villager (Male) |
| 23:17 | Crear | Villager (Male) |
| 23:25 | Crear | Villager (Male) |
| 23:27 | Construir | Farm |
| 23:42 | Crear | Villager (Male) |
| 23:48 | Crear | Villager (Male) |
| 23:57 | Crear | Cavalry Archer |
| 23:57 | Crear | Cavalry Archer |
| 23:57 | Crear | Cavalry Archer |
| 24:05 | Crear | Villager (Male) |
| 24:07 | Construir | Town Center |
| 24:15 | Construir | Farm |
| 24:23 | Investigar | Padded Archer Armor |
| 24:32 | Crear | Cavalry Archer |
| 24:37 | Crear | Villager (Male) |
| 24:45 | Investigar | Bloodlines |
| 24:45 | Investigar | Bloodlines |
| 24:49 | Crear | Cavalry Archer |
| 24:52 | Crear | Cavalry Archer |
| 24:52 | Crear | Cavalry Archer |
| 24:56 | Construir | Farm |
| 24:57 | Crear | Villager (Male) |
| 25:07 | Crear | Villager (Male) |
| 25:31 | Crear | Villager (Male) |
| 25:36 | Crear | Villager (Male) |
| 25:43 | Crear | Villager (Male) |
| 25:52 | Crear | Villager (Male) |
| 25:54 | Construir | Farm |
| 25:55 | Construir | Farm |
| 25:59 | Crear | Villager (Male) |
| 26:01 | Construir | Farm |
| 26:02 | Construir | Farm |
| 26:04 | Construir | Farm |
| 26:04 | Construir | Farm |
| 26:05 | Construir | Farm |
| 26:12 | Crear | Villager (Male) |
| 26:25 | Crear | Villager (Male) |
| 26:33 | Crear | Cavalry Archer |
| 26:34 | Crear | Cavalry Archer |
Build order — 吉吉大王
Primeras 150 de 428 acciones detectadas
| 0:06 | Construir | Town Center |
| 1:06 | Crear | Villager (Male) |
| 1:06 | Crear | Villager (Male) |
| 1:06 | Crear | Villager (Male) |
| 1:06 | Crear | Villager (Male) |
| 1:07 | Crear | Villager (Male) |
| 2:19 | Crear | Villager (Male) |
| 2:25 | Construir | Lumber Camp |
| 2:57 | Construir | Mining Camp |
| 3:08 | Crear | Villager (Male) |
| 3:30 | Crear | Villager (Male) |
| 4:02 | Crear | Villager (Male) |
| 4:26 | Crear | Villager (Male) |
| 4:47 | Crear | Villager (Male) |
| 5:09 | Crear | Villager (Male) |
| 5:36 | Crear | Villager (Male) |
| 5:49 | Construir | House |
| 6:01 | Crear | Villager (Male) |
| 6:11 | Construir | House |
| 6:17 | Construir | Mill |
| 6:29 | Crear | Villager (Male) |
| 6:54 | Investigar | Loom |
| 6:57 | Crear | Villager (Male) |
| 7:17 | Investigar | Feudal Age |
| 7:17 | Investigar | Feudal Age |
| 8:55 | Construir | Mining Camp |
| 9:05 | Crear | Villager (Male) |
| 9:05 | Crear | Villager (Male) |
| 9:32 | Edad | Edad Feudal |
| 9:34 | Construir | Market |
| 9:37 | Construir | Blacksmith |
| 10:34 | Investigar | Castle Age |
| 10:34 | Investigar | Castle Age |
| 10:34 | Investigar | Castle Age |
| 11:19 | Construir | Barracks |
| 11:33 | Construir | House |
| 11:48 | Construir | Palisade Wall |
| 11:57 | Construir | Palisade Gate |
| 12:04 | Investigar | Double-Bit Axe |
| 12:04 | Investigar | Double-Bit Axe |
| 12:04 | Investigar | Double-Bit Axe |
| 12:04 | Investigar | Double-Bit Axe |
| 12:04 | Investigar | Double-Bit Axe |
| 12:04 | Investigar | Double-Bit Axe |
| 12:22 | Construir | Palisade Wall |
| 12:23 | Construir | Palisade Wall |
| 12:36 | Investigar | Loom |
| 12:40 | Crear | Spearman |
| 12:59 | Construir | House |
| 13:14 | Edad | Edad de los Castillos |
| 13:26 | Crear | Villager (Male) |
| 13:37 | Crear | Spearman |
| 14:03 | Crear | Villager (Male) |
| 14:16 | Crear | Villager (Male) |
| 14:21 | Construir | Castle |
| 14:25 | Construir | House |
| 15:22 | Crear | Spearman |
| 15:57 | Crear | Spearman |
| 16:19 | Crear | Villager (Male) |
| 16:28 | Crear | Spearman |
| 16:30 | Crear | Villager (Male) |
| 17:08 | Crear | Spearman |
| 17:09 | Crear | Villager (Male) |
| 17:26 | Crear | Spearman |
| 17:36 | Crear | Villager (Male) |
| 18:03 | Crear | Villager (Male) |
| 18:21 | Construir | Town Center |
| 18:26 | Crear | Villager (Male) |
| 18:49 | Crear | Villager (Male) |
| 19:05 | Investigar | Horse Collar |
| 19:05 | Investigar | Horse Collar |
| 19:23 | Construir | Farm |
| 19:35 | Construir | Farm |
| 19:35 | Crear | Villager (Male) |
| 19:36 | Crear | Villager (Male) |
| 19:57 | Crear | Villager (Male) |
| 19:57 | Crear | Villager (Male) |
| 20:04 | Construir | Farm |
| 20:06 | Construir | Farm |
| 20:17 | Crear | Villager (Male) |
| 20:18 | Crear | Villager (Male) |
| 20:18 | Crear | Villager (Male) |
| 20:29 | Construir | Farm |
| 20:35 | Crear | Villager (Male) |
| 20:35 | Crear | Villager (Male) |
| 20:39 | Construir | Farm |
| 20:40 | Crear | Villager (Male) |
| 20:40 | Crear | Villager (Male) |
| 20:52 | Construir | Farm |
| 20:55 | Crear | Villager (Male) |
| 21:07 | Crear | Villager (Male) |
| 21:31 | Crear | Villager (Male) |
| 21:34 | Crear | Villager (Male) |
| 21:46 | Construir | Farm |
| 22:01 | Crear | Villager (Male) |
| 22:04 | Investigar | Wheelbarrow |
| 22:04 | Investigar | Wheelbarrow |
| 22:06 | Crear | Villager (Male) |
| 22:06 | Crear | Villager (Male) |
| 22:08 | Construir | Farm |
| 22:23 | Crear | Villager (Male) |
| 22:27 | Crear | Mangudai |
| 22:34 | Crear | Villager (Male) |
| 22:35 | Crear | Mangudai |
| 22:37 | Crear | Villager (Male) |
| 22:51 | Construir | Mill |
| 22:52 | Crear | Mangudai |
| 22:55 | Crear | Villager (Male) |
| 22:55 | Crear | Villager (Male) |
| 23:10 | Crear | Villager (Male) |
| 23:19 | Crear | Villager (Male) |
| 23:37 | Crear | Mangudai |
| 23:57 | Crear | Mangudai |
| 23:59 | Crear | Villager (Male) |
| 24:00 | Investigar | Bow Saw |
| 24:00 | Investigar | Bow Saw |
| 24:22 | Construir | Town Center |
| 24:24 | Crear | Villager (Male) |
| 24:26 | Construir | Farm |
| 24:32 | Crear | Mangudai |
| 24:34 | Crear | Villager (Male) |
| 24:35 | Crear | Villager (Male) |
| 24:44 | Investigar | Fletching |
| 24:50 | Crear | Villager (Male) |
| 25:04 | Investigar | Town Watch |
| 25:04 | Investigar | Town Watch |
| 25:04 | Investigar | Town Watch |
| 25:06 | Crear | Mangudai |
| 25:07 | Crear | Villager (Male) |
| 25:18 | Crear | Villager (Male) |
| 25:21 | Crear | Mangudai |
| 25:27 | Crear | Villager (Male) |
| 25:46 | Investigar | Bodkin Arrow |
| 25:50 | Crear | Villager (Male) |
| 25:51 | Construir | Farm |
| 25:57 | Crear | Villager (Male) |
| 26:06 | Crear | Villager (Male) |
| 26:19 | Crear | Mangudai |
| 26:30 | Crear | Villager (Male) |
| 26:31 | Crear | Villager (Male) |
| 26:44 | Crear | Mangudai |
| 26:48 | Crear | Villager (Male) |
| 27:02 | Crear | Villager (Male) |
| 27:05 | Crear | Villager (Male) |
| 27:15 | Construir | Stone Wall |
| 27:22 | Crear | Villager (Male) |
| 27:23 | Crear | Villager (Male) |
| 27:29 | Construir | Town Center |
| 27:32 | Crear | Mangudai |
| 27:33 | Crear | Villager (Male) |
Build order — IRON MIKE
Primeras 150 de 278 acciones detectadas
| 0:20 | Construir | Town Center |
| 1:24 | Crear | Villager (Male) |
| 1:25 | Crear | Villager (Male) |
| 1:25 | Crear | Villager (Male) |
| 1:32 | Crear | Villager (Male) |
| 1:33 | Crear | Villager (Male) |
| 2:37 | Crear | Villager (Male) |
| 2:46 | Crear | Villager (Male) |
| 3:32 | Crear | Villager (Male) |
| 3:32 | Crear | Villager (Male) |
| 3:49 | Crear | Villager (Male) |
| 3:50 | Crear | Villager (Male) |
| 4:31 | Crear | Villager (Male) |
| 4:49 | Construir | Mill |
| 4:51 | Crear | Villager (Male) |
| 5:19 | Crear | Villager (Male) |
| 5:35 | Crear | Villager (Male) |
| 5:35 | Crear | Villager (Male) |
| 5:48 | Crear | Villager (Male) |
| 6:02 | Construir | House |
| 6:13 | Crear | Villager (Male) |
| 6:38 | Crear | Villager (Male) |
| 8:01 | Crear | Villager (Male) |
| 8:01 | Crear | Villager (Male) |
| 8:43 | Construir | Mill |
| 8:56 | Crear | Villager (Male) |
| 9:03 | Construir | Palisade Wall |
| 9:25 | Crear | Villager (Male) |
| 9:28 | Investigar | Loom |
| 9:30 | Construir | Lumber Camp |
| 10:00 | Investigar | Feudal Age |
| 10:30 | Construir | Barracks |
| 11:26 | Construir | House |
| 12:07 | Crear | Villager (Male) |
| 12:07 | Crear | Villager (Male) |
| 12:10 | Edad | Edad Feudal |
| 12:14 | Construir | Stable |
| 12:23 | Investigar | Double-Bit Axe |
| 13:01 | Construir | Blacksmith |
| 13:07 | Construir | House |
| 13:08 | Crear | Villager (Male) |
| 13:24 | Investigar | Castle Age |
| 13:24 | Investigar | Castle Age |
| 14:05 | Construir | Archery Range |
| 14:41 | Construir | Palisade Gate |
| 14:50 | Construir | Archery Range |
| 14:53 | Crear | Villager (Male) |
| 14:53 | Crear | Villager (Male) |
| 15:04 | Investigar | Fletching |
| 15:05 | Investigar | Fletching |
| 15:09 | Investigar | Bloodlines |
| 15:27 | Construir | Palisade Wall |
| 15:37 | Construir | Farm |
| 15:40 | Construir | Farm |
| 15:42 | Construir | Farm |
| 15:53 | Crear | Villager (Male) |
| 16:06 | Crear | Villager (Male) |
| 16:13 | Edad | Edad de los Castillos |
| 16:14 | Crear | Cavalry Archer |
| 16:15 | Crear | Cavalry Archer |
| 16:19 | Construir | University |
| 16:21 | Crear | Villager (Male) |
| 16:34 | Crear | Cavalry Archer |
| 16:38 | Crear | Cavalry Archer |
| 16:38 | Crear | Cavalry Archer |
| 16:39 | Crear | Villager (Male) |
| 16:55 | Construir | House |
| 17:00 | Crear | Villager (Male) |
| 17:06 | Crear | Villager (Male) |
| 17:15 | Investigar | Town Watch |
| 17:22 | Construir | House |
| 17:23 | Construir | House |
| 17:30 | Construir | House |
| 17:46 | Crear | Villager (Male) |
| 17:47 | Crear | Cavalry Archer |
| 17:50 | Investigar | Ballistics |
| 17:52 | Crear | Cavalry Archer |
| 17:52 | Crear | Cavalry Archer |
| 18:09 | Investigar | Bodkin Arrow |
| 18:16 | Construir | House |
| 18:25 | Construir | Farm |
| 18:28 | Construir | Farm |
| 18:49 | Crear | Cavalry Archer |
| 18:49 | Crear | Cavalry Archer |
| 18:50 | Crear | Villager (Male) |
| 19:01 | Crear | Villager (Male) |
| 19:07 | Crear | Cavalry Archer |
| 19:44 | Crear | Cavalry Archer |
| 20:24 | Crear | Cavalry Archer |
| 20:25 | Crear | Villager (Male) |
| 20:31 | Construir | House |
| 20:32 | Crear | Villager (Male) |
| 20:50 | Crear | Cavalry Archer |
| 21:17 | Crear | Villager (Male) |
| 21:19 | Crear | Cavalry Archer |
| 21:19 | Crear | Cavalry Archer |
| 21:23 | Construir | Siege Workshop |
| 21:33 | Crear | Villager (Male) |
| 21:37 | Crear | Skirmisher |
| 21:37 | Crear | Cavalry Archer |
| 21:38 | Crear | Cavalry Archer |
| 21:39 | Crear | Villager (Male) |
| 21:44 | Construir | House |
| 21:46 | Crear | Villager (Male) |
| 21:53 | Construir | Mining Camp |
| 21:57 | Crear | Villager (Male) |
| 22:11 | Crear | Villager (Male) |
| 22:16 | Crear | Cavalry Archer |
| 22:17 | Crear | Cavalry Archer |
| 22:33 | Crear | Villager (Male) |
| 22:33 | Crear | Villager (Male) |
| 22:40 | Investigar | Gold Mining |
| 22:40 | Investigar | Gold Mining |
| 23:00 | Crear | Mangonel |
| 23:02 | Crear | Villager (Male) |
| 23:17 | Crear | Cavalry Archer |
| 23:17 | Crear | Cavalry Archer |
| 23:17 | Crear | Villager (Male) |
| 24:14 | Crear | Mangonel |
| 24:15 | Crear | Villager (Male) |
| 24:15 | Crear | Villager (Male) |
| 24:21 | Crear | Villager (Male) |
| 24:24 | Construir | House |
| 24:47 | Crear | Cavalry Archer |
| 25:27 | Crear | Villager (Male) |
| 25:47 | Crear | Villager (Male) |
| 25:51 | Crear | Cavalry Archer |
| 25:51 | Crear | Villager (Male) |
| 26:08 | Construir | Barracks |
| 26:13 | Crear | Cavalry Archer |
| 26:13 | Crear | Cavalry Archer |
| 26:17 | Construir | Town Center |
| 26:21 | Construir | Farm |
| 26:22 | Construir | Farm |
| 26:24 | Construir | Farm |
| 26:29 | Construir | Farm |
| 26:29 | Construir | Farm |
| 26:30 | Construir | Farm |
| 26:31 | Crear | Villager (Male) |
| 26:39 | Construir | House |
| 26:40 | Construir | Barracks |
| 26:55 | Construir | House |
| 26:57 | Construir | House |
| 27:00 | Crear | Villager (Male) |
| 27:18 | Construir | Mill |
| 27:20 | Crear | Villager (Male) |
| 28:01 | Crear | Cavalry Archer |
| 28:01 | Crear | Villager (Male) |
| 28:04 | Construir | House |
| 28:05 | Crear | Villager (Male) |
Build order — Zhang
Primeras 150 de 248 acciones detectadas
| 0:26 | Construir | Town Center |
| 1:32 | Crear | Villager (Male) |
| 1:33 | Crear | Villager (Male) |
| 1:33 | Crear | Villager (Male) |
| 2:27 | Crear | Villager (Male) |
| 2:27 | Crear | Villager (Male) |
| 3:09 | Investigar | Loom |
| 3:51 | Crear | Villager (Male) |
| 3:52 | Crear | Villager (Male) |
| 3:59 | Construir | Lumber Camp |
| 4:34 | Crear | Villager (Male) |
| 4:35 | Crear | Villager (Male) |
| 5:35 | Crear | Villager (Male) |
| 5:35 | Crear | Villager (Male) |
| 6:17 | Crear | Villager (Male) |
| 6:17 | Crear | Villager (Male) |
| 6:27 | Construir | Mill |
| 7:33 | Crear | Villager (Male) |
| 7:34 | Crear | Villager (Male) |
| 7:34 | Crear | Villager (Male) |
| 8:04 | Crear | Villager (Male) |
| 8:59 | Construir | Mill |
| 9:15 | Crear | Villager (Male) |
| 9:15 | Crear | Villager (Male) |
| 9:30 | Investigar | Feudal Age |
| 11:45 | Crear | Villager (Male) |
| 11:46 | Crear | Villager (Male) |
| 11:50 | Edad | Edad Feudal |
| 11:56 | Construir | Market |
| 12:03 | Construir | Blacksmith |
| 12:43 | Crear | Villager (Male) |
| 13:20 | Investigar | Castle Age |
| 13:21 | Investigar | Castle Age |
| 14:37 | Investigar | Double-Bit Axe |
| 14:38 | Investigar | Double-Bit Axe |
| 15:49 | Crear | Villager (Male) |
| 16:00 | Edad | Edad de los Castillos |
| 16:27 | Construir | Castle |
| 16:37 | Construir | Town Center |
| 16:44 | Construir | Farm |
| 16:46 | Construir | Farm |
| 16:50 | Construir | Farm |
| 16:51 | Construir | Farm |
| 16:52 | Construir | Farm |
| 16:53 | Construir | Farm |
| 16:57 | Crear | Villager (Male) |
| 16:58 | Crear | Villager (Male) |
| 17:52 | Construir | Farm |
| 17:54 | Construir | Farm |
| 17:56 | Construir | Farm |
| 17:59 | Construir | Farm |
| 18:02 | Crear | Villager (Male) |
| 18:16 | Construir | Farm |
| 18:18 | Construir | Farm |
| 18:19 | Construir | Farm |
| 18:23 | Crear | Villager (Male) |
| 18:25 | Crear | Villager (Male) |
| 18:57 | Crear | Villager (Male) |
| 19:00 | Crear | Villager (Male) |
| 19:09 | Crear | Villager (Male) |
| 19:33 | Construir | Town Center |
| 19:37 | Crear | Villager (Male) |
| 19:39 | Crear | Villager (Male) |
| 19:40 | Crear | Villager (Male) |
| 19:51 | Construir | Farm |
| 19:52 | Construir | Farm |
| 20:15 | Investigar | Fletching |
| 20:23 | Crear | Villager (Male) |
| 20:24 | Crear | Villager (Male) |
| 20:36 | Crear | Villager (Male) |
| 20:55 | Crear | Villager (Male) |
| 20:55 | Crear | Villager (Male) |
| 21:15 | Construir | Stone Wall |
| 21:26 | Construir | Stone Wall |
| 21:27 | Construir | Stone Wall |
| 21:36 | Crear | Villager (Male) |
| 21:36 | Crear | Villager (Male) |
| 21:37 | Crear | Villager (Male) |
| 21:42 | Construir | Farm |
| 21:43 | Construir | Farm |
| 21:46 | Construir | Farm |
| 21:47 | Construir | Farm |
| 21:53 | Construir | Farm |
| 21:58 | Crear | Villager (Male) |
| 21:58 | Crear | Villager (Male) |
| 22:04 | Crear | Villager (Male) |
| 22:04 | Crear | Villager (Male) |
| 22:13 | Crear | Villager (Male) |
| 22:37 | Construir | Lumber Camp |
| 22:58 | Construir | Siege Workshop |
| 23:13 | Crear | Villager (Male) |
| 23:13 | Crear | Villager (Male) |
| 23:19 | Crear | Villager (Male) |
| 23:19 | Crear | Villager (Male) |
| 23:30 | Investigar | Town Watch |
| 23:46 | Investigar | Wheelbarrow |
| 23:47 | Investigar | Wheelbarrow |
| 24:13 | Crear | Scorpion |
| 24:13 | Crear | Scorpion |
| 24:13 | Crear | Scorpion |
| 24:29 | Crear | Villager (Male) |
| 24:30 | Crear | Villager (Male) |
| 24:37 | Crear | Villager (Male) |
| 24:38 | Crear | Villager (Male) |
| 25:11 | Crear | Villager (Male) |
| 25:11 | Crear | Villager (Male) |
| 25:11 | Crear | Villager (Male) |
| 25:31 | Crear | Villager (Male) |
| 25:31 | Crear | Villager (Male) |
| 25:44 | Crear | Tarkan |
| 25:45 | Crear | Tarkan |
| 25:50 | Construir | Farm |
| 26:01 | Crear | Villager (Male) |
| 26:01 | Crear | Villager (Male) |
| 26:08 | Crear | Villager (Male) |
| 26:08 | Crear | Villager (Male) |
| 26:30 | Crear | Villager (Male) |
| 26:51 | Crear | Villager (Male) |
| 26:51 | Crear | Villager (Male) |
| 27:18 | Crear | Villager (Male) |
| 27:21 | Crear | Villager (Male) |
| 27:47 | Crear | Villager (Male) |
| 27:47 | Crear | Villager (Male) |
| 27:58 | Construir | Mill |
| 28:15 | Crear | Tarkan |
| 28:32 | Construir | Castle |
| 28:44 | Crear | Villager (Male) |
| 29:35 | Construir | Castle |
| 30:29 | Construir | Farm |
| 30:38 | Construir | Town Center |
| 31:28 | Construir | Mill |
| 31:36 | Crear | Villager (Male) |
| 31:36 | Crear | Villager (Male) |
| 31:36 | Crear | Villager (Male) |
| 32:05 | Construir | Stone Wall |
| 32:11 | Crear | Villager (Male) |
| 32:12 | Crear | Villager (Male) |
| 32:25 | Crear | Villager (Male) |
| 32:25 | Crear | Villager (Male) |
| 32:35 | Crear | Villager (Male) |
| 32:36 | Crear | Villager (Male) |
| 33:03 | Crear | Villager (Male) |
| 33:41 | Investigar | Bow Saw |
| 33:42 | Investigar | Bow Saw |
| 33:45 | Crear | Villager (Male) |
| 33:46 | Crear | Villager (Male) |
| 33:46 | Crear | Villager (Male) |
| 34:42 | Construir | Town Center |
| 34:58 | Crear | Villager (Male) |
| 34:59 | Crear | Villager (Male) |
Cronología de la partida
| 6:23 | 省港澳金牌讲师 · wall_segment Palisade Wall x2 |
| 6:28 | 省港澳金牌讲师 · wall_segment Palisade Wall x16 |
| 6:53 | 省港澳金牌讲师 · wall_segment Palisade Wall x2 |
| 6:56 | 省港澳金牌讲师 · wall_segment Palisade Wall x2 |
| 7:05 | sss129458 · first_building Barracks |
| 7:09 | UrielFlocru · first_building Barracks |
| 7:39 | El Venenudo · first_building Barracks |
| 7:50 | El Venenudo · wall_segment Palisade Wall x4 |
| 8:01 | 省港澳金牌讲师 · wall_segment Palisade Wall x9 |
| 8:21 | 省港澳金牌讲师 · wall_segment Palisade Wall x9 |
| 8:29 | El Venenudo · wall_segment Palisade Wall x7 |
| 8:34 | sss129458 · wall_segment Palisade Wall x1 |
| 8:37 | El Venenudo · wall_segment Palisade Wall x1 |
| 8:54 | 省港澳金牌讲师 · wall_segment Palisade Wall x1 |
| 8:56 | 省港澳金牌讲师 · wall_segment Palisade Wall x5 |
| 9:03 | IRON MIKE · wall_segment Palisade Wall x1 |
| 9:11 | El Venenudo · age_up feudal |
| 9:16 | El Venenudo · first_building Stable |
| 9:25 | sss129458 · wall_segment Palisade Wall x9 |
| 9:29 | UrielFlocru · age_up feudal |
| 9:31 | UrielFlocru · first_building Stable |
| 9:32 | 吉吉大王 · age_up feudal |
| 9:33 | sss129458 · wall_segment Palisade Wall x11 |
| 9:59 | 省港澳金牌讲师 · wall_segment Palisade Wall x7 |
| 10:03 | sss129458 · age_up feudal |
| 10:21 | 省港澳金牌讲师 · wall_segment Palisade Wall x1 |
| 10:22 | 省港澳金牌讲师 · wall_segment Palisade Wall x1 |
| 10:28 | 吉吉大王 · first_market_sell 100 wood |
| 10:29 | 吉吉大王 · first_market_buy 100 food |
| 10:30 | IRON MIKE · first_building Barracks |
| 10:32 | sss129458 · first_building Stable |
| 11:19 | 吉吉大王 · first_building Barracks |
| 11:35 | Sun · age_up feudal |
| 11:38 | sss129458 · wall_segment Palisade Wall x1 |
| 11:48 | 吉吉大王 · wall_segment Palisade Wall x7 |
| 11:50 | Zhang · age_up feudal |
| 12:10 | IRON MIKE · age_up feudal |
| 12:13 | 省港澳金牌讲师 · wall_segment Palisade Wall x1 |
| 12:14 | IRON MIKE · first_building Stable |
| 12:15 | 省港澳金牌讲师 · wall_segment Palisade Wall x1 |
| 12:22 | 吉吉大王 · wall_segment Palisade Wall x1 |
| 12:23 | 吉吉大王 · wall_segment Palisade Wall x1 |
| 12:30 | 省港澳金牌讲师 · age_up feudal |
| 13:03 | Sun · first_building Barracks |
| 13:12 | Zhang · first_market_sell 100 stone |
| 13:14 | 吉吉大王 · age_up castle |
| 13:46 | El Venenudo · wall_segment Palisade Wall x8 |
| 14:05 | IRON MIKE · first_building Archery Range |
| 14:21 | 吉吉大王 · first_building Castle |
| 14:28 | 省港澳金牌讲师 · wall_segment Palisade Wall x1 |
| 14:42 | Sun · first_building Archery Range |
| 15:19 | Sun · age_up castle |
| 15:27 | IRON MIKE · wall_segment Palisade Wall x1 |
| 16:00 | Zhang · age_up castle |
| 16:03 | 省港澳金牌讲师 · age_up castle |
| 16:04 | 省港澳金牌讲师 · first_building Castle |
| 16:06 | El Venenudo · wall_segment Palisade Wall x7 |
| 16:13 | IRON MIKE · age_up castle |
| 16:27 | Zhang · first_building Castle |
| 16:32 | sss129458 · age_up castle |
| 16:35 | El Venenudo · wall_segment Palisade Wall x10 |
| 17:24 | 省港澳金牌讲师 · wall_segment Palisade Wall x9 |
| 17:25 | 省港澳金牌讲师 · wall_segment Palisade Wall x2 |
| 17:33 | 省港澳金牌讲师 · first_market_buy 100 food |
| 18:16 | El Venenudo · wall_segment Palisade Wall x6 |
| 18:19 | El Venenudo · wall_segment Palisade Wall x10 |
| 18:33 | 省港澳金牌讲师 · wall_segment Palisade Wall x6 |
| 18:33 | El Venenudo · first_market_sell 100 food |
| 18:36 | Sun · wall_segment Stone Wall x3 |
| 18:41 | UrielFlocru · first_market_sell 100 food |
| 19:23 | 省港澳金牌讲师 · wall_segment Palisade Wall x1 |
| 19:26 | Sun · first_market_sell 100 wood |
| 20:02 | 省港澳金牌讲师 · first_building Barracks |
| 20:37 | Sun · first_building Stable |
| 20:47 | 省港澳金牌讲师 · wall_segment Stone Wall x1 |
| 21:15 | 省港澳金牌讲师 · first_building Stable |
| 21:15 | Zhang · wall_segment Stone Wall x4 |
| 21:18 | El Venenudo · age_up castle |
| 21:23 | IRON MIKE · first_building Siege Workshop |
| 21:26 | Zhang · wall_segment Stone Wall x7 |
| 21:27 | Zhang · wall_segment Stone Wall x2 |
| 21:30 | UrielFlocru · age_up castle |
| 22:00 | El Venenudo · wall_segment Palisade Wall x1 |
| 22:58 | Zhang · first_building Siege Workshop |
| 24:00 | sss129458 · first_building Monastery |
| 24:43 | Sun · first_market_buy 100 food |
| 27:09 | UrielFlocru · first_building Castle |
| 27:15 | 吉吉大王 · wall_segment Stone Wall x9 |
| 28:47 | sss129458 · wall_segment Palisade Wall x1 |
| 28:53 | Sun · first_building Monastery |
| 28:54 | sss129458 · first_building Castle |
| 29:40 | 吉吉大王 · first_building Stable |
| 29:56 | 省港澳金牌讲师 · first_building Archery Range |
| 30:21 | sss129458 · wall_segment Stone Wall x11 |
| 30:55 | El Venenudo · first_building Monastery |
| 31:03 | El Venenudo · first_market_buy 100 wood |
| 31:17 | 吉吉大王 · first_building Monastery |
| 31:19 | IRON MIKE · first_market_buy 100 food |
| 31:21 | 省港澳金牌讲师 · first_market_sell 100 wood |
| 31:52 | 省港澳金牌讲师 · wall_segment Stone Wall x1 |
| 32:05 | Zhang · wall_segment Stone Wall x3 |
| 32:13 | IRON MIKE · first_building Monastery |
| 33:19 | 省港澳金牌讲师 · age_up imperial |
| 33:52 | Sun · first_building Castle |
| 35:59 | IRON MIKE · age_up imperial |
| 37:19 | Sun · age_up imperial |
| 37:32 | UrielFlocru · age_up imperial |
| 37:46 | El Venenudo · age_up imperial |
| 38:00 | sss129458 · age_up imperial |
| 38:15 | 吉吉大王 · age_up imperial |
| 38:28 | UrielFlocru · first_building Siege Workshop |
| 39:45 | 省港澳金牌讲师 · first_building Siege Workshop |
| 39:49 | 吉吉大王 · first_building Archery Range |
| 40:26 | El Venenudo · first_building Castle |
| 40:28 | sss129458 · wall_segment Stone Wall x5 |
| 40:34 | sss129458 · wall_segment Stone Wall x3 |
| 42:05 | El Venenudo · wall_segment Stone Wall x1 |
| 43:21 | IRON MIKE · first_building Castle |
| 44:23 | Sun · first_building Siege Workshop |
| 44:30 | 吉吉大王 · wall_segment Stone Wall x3 |
| 44:39 | Zhang · resign |
| 44:42 | IRON MIKE · wall_segment Stone Wall x1 |
[ ANÁLISIS IA · 1 CRÉDITO ]
¿Qué pasó realmente en esta partida?
Wolo.gg analiza cada decisión: build order, eco, micro, errores típicos por bracket. Análisis personalizado por WhatsApp o Discord en 30 segundos.
Guía civ
Turcos
Perfil
Jugador #5732638